 Dungeon Crawl Stone Soup version 0.30-a0-847-g17996783a1 (webtiles) character file.

Game seed: 685243010902512373

17 ragingrage the Cutter (level 2, 0/22 HPs)
             Began as a Vampire Warper on Mar 3, 2023.
             Slain by a river rat (4 damage)
             ... on level 3 of the Dungeon.
             The game lasted 00:01:15 (911 turns).

ragingrage the Cutter (Vampire Warper)               Turns: 911, Time: 00:01:16

Health: 0/22       AC:  3    Str: 10    XL:     2   Next: 44%
Magic:  5/5        EV: 11    Int: 15    God:
Gold:   61         SH:  0    Dex: 13    Spells: 3/5 levels left

rFire   . . .      SeeInvis +    a - +0 short sword
rCold   . . .      Faith    .    (no shield)
rNeg    . . .      Spirit   .    b - +0 leather armour
rPois   .          Reflect  .    (no helmet)
rElec   .          Rampage  .    (no cloak)
rCorr   .                        (no gloves)
Will    .....                    (no boots)
Stlth   ++                       (no amulet)
HPRegen 0.43/turn                (no ring)
MPRegen 0.09/turn                (no ring)

@: healing quickly
A: alive, fangs 3, see invisible, vampiric 1
a: Exsanguinate


You were on level 3 of the Dungeon.
You visited 1 branch of the dungeon, and saw 3 of its levels.

You collected 61 gold pieces.

Inventory:

Hand Weapons
 a - a +0 short sword (weapon)
Missiles
 d - 7 boomerangs of dispersal (quivered)
 l - 6 poisoned darts
Armour
 b - a +0 leather armour (worn)
Scrolls
 c - 2 scrolls of blinking
 e - a scroll of fear {unknown}
 g - a scroll of butterflies {unknown}
 i - a scroll of magic mapping {unknown}
 j - a scroll of vulnerability {unknown}
 k - a scroll of poison {unknown}
Potions
 f - a potion of curing
 h - a potion of berserk rage {unknown}


   Skills:
 - Level 1.7 Fighting
 + Level 2.9 Short Blades
 - Level 0.7 Throwing
 - Level 0.7 Armour
 - Level 2.1 Dodging
 + Level 2.4 Stealth
 - Level 2.0 Spellcasting
 - Level 2.4 Translocations


You had 3 spell levels left.
You knew the following spells:

 Your Spells              Type           Power      Damage    Failure   Level
a - Blink                 Tloc           16%        N/A       17%         2

Your spell library contained the following spells:

 Spells                   Type           Power      Damage    Failure   Level
 Lesser Beckoning         Tloc           16%        N/A       17%         2
 Teleport Other           Tloc           8%         N/A       34%         3
 Vhi's Electric Charge    Tloc/Air       10%        N/A       50%         3
 Manifold Assault         Tloc           8%         N/A       75%         4


Dungeon Overview and Level Annotations

Branches:
Dungeon (3/15)

Altars:

Shops:
D:1 =

Annotations:
D:1 exclusion: downstairs
D:2 Sigmund


Innate Abilities, Weirdness & Mutations

Your natural rate of healing is accelerated.
You have razor-sharp teeth.
You have supernaturally acute eyesight. (SInv)
You are afflicted with vampirism.


Message History

There is a stone staircase leading up here.
You bump into the rock wall.
You feel less confused.
A worm, 2 river rats, 3 rats and a giant cockroach come into view.
You hit the worm but do no damage. The worm closely misses you.
You aren't carrying any items that you can evoke.
Unknown command.
Okay, then.
Okay, then.
You swing at nothing.
You hit the worm. You bite the worm. You barely miss the worm.
The worm bites you.
You hit the worm but do no damage. You hit the worm. The worm bites you!
You hit the worm. The worm bites you.
* * * LOW HITPOINT WARNING * * *
You hit the worm but do no damage.
The giant cockroach attacks as you move away!
The giant cockroach bites you but does no damage.
The giant cockroach bites you.
You hear the slow rusting of a distant drain.
The giant cockroach attacks as you move away!
The giant cockroach barely misses you.
You hit the giant cockroach.
You bite the giant cockroach, but do no damage.
The giant cockroach bites you.
You hit the giant cockroach. You bite the giant cockroach.
You kill the giant cockroach!
You swing at nothing.
You hit the river rat. The river rat bites you.
You hit the river rat. The river rat barely misses you.
You barely miss the river rat. You barely miss the river rat.
The river rat bites you!
* * * LOW HITPOINT WARNING * * *
You hit the river rat. The river rat closely misses you.
You hit the river rat but do no damage. The river rat closely misses you.
You hit the river rat. The river rat misses you.
You hit the river rat. The river rat closely misses you.
You hit the river rat but do no damage. The river rat bites you.
You die...

### . ..#
(...########.###.#
.....$.@rr#.....
....#####.#..# .
#......#####
#.#....#...#
#.#.r..#.#.#
#...[r.#.#.#
###....#.#.#
.....#....#.#
.#####.####.#


You could see a river rat and a rat.

Vanquished Creatures
  A giant cockroach (D:3)
  3 goblins
  A hobgoblin (D:1)
  2 quokkas
  4 bats
  A frilled lizard (D:1)
  4 kobolds
16 creatures vanquished.

Notes
Turn   | Place    | Note
-------+----------+-------------------------------------------
     0 | D:1      | ragingrage the Vampire Warper began the quest for the Orb.
     0 | D:1      | Reached XP level 1. HP: 16/16 MP: 3/3
    74 | D:1      | Found Mydieli's Jewellery Emporium.
   179 | D:1      | Reached skill level 1 in Stealth
   494 | D:1      | Reached XP level 2. HP: 22/22 MP: 5/5
   497 | D:1      | Learned a level 2 spell: Blink
   715 | D:2      | Noticed Sigmund
   911 | D:3      | Slain by a river rat

Illustrated notes

Levels and vault maps discovered:
D:1:      beargit_arrival_greenhouse, layout_loops_ring, serial_shops, shop
D:2:      layout_basic, basic_altar, uniq_sigmund
D:3:      layout_basic, grunt_dithmenos_smoke, kennysheep_slug_shrine,
          chequers_ecumenical_altar_simple, portal_sewer_entry_e

Skill      XL: |  1  2 |
---------------+-------+-----
Stealth        | 1 2 |  2.4
Fighting       | |  1.7
Short Blades   | |  2.9
Throwing       | |  0.7
Armour         | |  0.7
Dodging        | |  2.1
Spellcasting   | |  2.0
Translocations | |  2.4

Action                     || total
---------------------------++-------
  Melee: Short sword       ||    66
         Bite              ||     5
   Stab: Sleeping          ||     2
 Armour: Leather armour    ||    14
  Dodge: Dodged            ||    42

Table legend: (Time is in decaauts)
 A = Elapsed time spent in this place.
 B = Non-inter-level travel time spent in this place.
 C = Inter-level travel time spent in this place.
 D = Time resting spent in this place.
 E = Time spent auto-exploring this place.
 F = Levels seen in this place.
 G = Mean time per level.
                   A        B        C        D        E       F      G
               +--------+--------+--------+--------+--------+-----+--------+
         Total |    900 |    780 |    120 |      6 |    539 |   3 |  300.0 |
       Dungeon |    900 |    780 |    120 |      6 |    539 |   3 |  300.0 |
               +--------+--------+--------+--------+--------+-----+--------+

Top non-repeatable levels by time:
     D:1: 689 daAuts
     D:2: 148 daAuts
     D:3: 61 daAuts
